 Dungeon Crawl Stone Soup version 0.29.1-15-g9cfb28693d (webtiles) character file.

Game seed: 14610930788062832209

8263 Renzlar the Blocker (level 11, -7/89 HPs)
             Began as a Gnoll Fighter on Mar 11, 2023.
             Was a Priest of Qazlal.
             Mangled by a komodo dragon (25 damage)
             ... on level 2 of the Lair of Beasts.
             The game lasted 00:40:33 (11926 turns).

Renzlar the Blocker (Gnoll Fighter)                Turns: 11926, Time: 00:40:33

Health: -7/89      AC: 12    Str: 25    XL:     11   Next: 28%
Magic:  20/20      EV: 13    Int:  7    God:    Qazlal [***...]
Gold:   379        SH: 11    Dex: 13    Spells: 20/22 levels left

rFire   . . .      SeeInvis .   a - +0 war axe (flame)
rCold   . . .      Faith    .   I - +0 buckler
rNeg    . . .      Spirit   .   w - +2 ring mail {Will+}
rPois   +          Reflect  .   i - +0 helmet
rElec   .          Harm     .   (no cloak)
rCorr   .          Rampage  .   (no gloves)
Will    +....                   m - +1 pair of boots {Fly}
Stlth   ++........              (no amulet)
HPRegen 0.24/turn               e - +6 ring of strength
MPRegen 0.17/turn               n - ring of poison resistance

@: flying
A: fangs 1, strong nose, distributed training
a: Renounce Religion, Upheaval, Elemental Force


You were on level 2 of the Lair of Beasts.
You worshipped Qazlal.
Qazlal was most pleased with you.
You visited 3 branches of the dungeon, and saw 12 of its levels.
You also visited: Ossuary.

You collected 606 gold pieces.
You spent 227 gold pieces at shops.

Inventory:

Hand Weapons
 a - a +0 war axe of flaming (weapon)
 c - a +0 sling
 d - a +5 trident of freezing
 v - a +0 morningstar of flaming
Missiles
 f - 10 poisoned darts (quivered)
 C - 2 curare-tipped darts
Armour
 i - a +0 helmet (worn)
 m - a +1 pair of boots of flying (worn)
 w - a +2 ring mail of willpower (worn)
 I - a +0 buckler (worn)
Jewellery
 e - a +6 ring of strength (left hand)
 g - a ring of willpower
 n - a ring of poison resistance (right hand)
 s - a ring of protection from cold
 E - a ring of positive energy
 F - a ring of positive energy
 J - a ring of protection from fire
Wands
 y - a wand of flame (37)
 D - a wand of polymorph (7)
Scrolls
 h - a scroll of identify
 o - a scroll of teleportation
 p - 2 scrolls of blinking
 x - 2 scrolls of amnesia
 B - a scroll of fear
Potions
 b - a potion of magic
 j - a potion of attraction
 k - 8 potions of curing
 l - a potion of heal wounds
 q - 2 potions of lignification
 r - a potion of cancellation
 t - 3 potions of mutation
 u - 2 potions of resistance
 z - a potion of haste
 A - 3 potions of might
 G - 2 potions of brilliance
 H - 2 potions of invisibility


   Skills:
 + Level 9.2 Fighting
 + Level 6.3 Short Blades
 + Level 6.3 Long Blades
 + Level 7.9 Axes
 + Level 6.3 Maces & Flails
 + Level 6.3 Polearms
 + Level 6.3 Staves
 + Level 6.3 Ranged Weapons
 + Level 6.3 Throwing
 + Level 9.2 Armour
 + Level 6.3 Dodging
 + Level 6.3 Stealth
 + Level 9.2 Shields
 + Level 6.3 Unarmed Combat
 + Level 6.3 Spellcasting
 + Level 5.3 Conjurations
 + Level 5.3 Hexes
 + Level 5.3 Summonings
 + Level 5.3 Necromancy
 + Level 5.3 Translocations
 + Level 5.3 Transmutations
 + Level 5.3 Fire Magic
 + Level 5.3 Ice Magic
 + Level 5.3 Air Magic
 + Level 5.3 Earth Magic
 + Level 5.3 Poison Magic
 + Level 7.0 Invocations
 + Level 6.3 Evocations


You had 20 spell levels left.
You knew the following spells:

 Your Spells              Type           Power      Damage    Failure   Level
a - Static Discharge      Conj/Air       9%         3-5/arc   8%          2

Your spell library contained the following spells:

 Spells                   Type           Power      Damage    Failure   Level
 Sublimation of Blood     Necr           9%         N/A       8%          2
 Animate Dead             Necr           9%         N/A       43%         4
 Hailstorm                Conj/Ice       9%         3d4       43%         4
 Ice Form                 Ice/Tmut       9%         N/A       43%         4
 Petrify                  Tmut/Erth      9%         N/A       43%         4
 Borgnjor's Vile Clutch   Necr/Erth      4%         N/A       80%         5
 Irradiate                Conj/Tmut      4%         3d13      80%         5
 Lightning Bolt           Conj/Air       4%         1d16      80%         5
 Death Channel            Necr           4%         N/A       100%        6
 Simulacrum               Ice/Necr       4%         N/A       100%        6
 Maxwell's Capacitive Co  Air            4%         ∞         100%        8


Dungeon Overview and Level Annotations

Branches:
Dungeon (9/15)             Temple (1/1) D:5            Lair (2/5) D:8
Ossuary (visited)
  Swamp: Lair:2-3    Shoals: Lair:2-3     Snake: Lair:2-3    Spider: Lair:2-3
    Orc: D:9-12

Altars:
Ashenzari
Cheibriados
Dithmenos
Elyvilon
Fedhas
Hepliaklqana
Kikubaaqudgha
Makhleb
Nemelex Xobeh
Qazlal
Ru
Sif Muna
Trog
Uskayaw
Vehumet
Wu Jian
Xom
Yredelemnul
Zin
The Shining One

Shops:
D:4 !   D:6 !   D:9 *

Annotations:
D:7 Menkaure
D:9 2 runed translucent doors


Innate Abilities, Weirdness & Mutations

You have very sharp teeth.
Your uncanny sense of smell can sniff out nearby items.
Your experience applies equally to all skills.


Message History

The komodo dragon is lightly wounded.
The komodo dragon bites you!
You barely miss the komodo dragon.
You bite the komodo dragon, but do no damage.
The komodo dragon is lightly wounded.
The komodo dragon barely misses you.
You slash the komodo dragon! You burn the komodo dragon.
You bite the komodo dragon, but do no damage.
The komodo dragon is moderately wounded.
The komodo dragon bites you!
You hit the komodo dragon. You burn the komodo dragon.
The komodo dragon is heavily wounded.
The komodo dragon bites you but does no damage.
You closely miss the komodo dragon.
You bite the komodo dragon, but do no damage.
The komodo dragon is heavily wounded.
The komodo dragon bites you but does no damage.
You hit the komodo dragon. You burn the komodo dragon.
Your bite misses the komodo dragon.
The komodo dragon is severely wounded.
You block the komodo dragon's attack. The komodo dragon misses you.
You barely miss the komodo dragon.
The komodo dragon is severely wounded.
The komodo dragon bites you!!
You hit the komodo dragon but do no damage.
Your bite misses the komodo dragon.
The komodo dragon is severely wounded.
The komodo dragon bites you!!
* * * LOW HITPOINT WARNING * * *
Unknown command.
You hit the komodo dragon but do no damage.
The komodo dragon is severely wounded.
You block the komodo dragon's attack.
You closely miss the komodo dragon.
The komodo dragon is severely wounded.
You block the komodo dragon's attack.
You slash the komodo dragon! You burn the komodo dragon.
The komodo dragon is almost dead.
The komodo dragon bites you!!
You die...

#. ... ... ..##..#+##.P
P.. #........... ...
#..........
#..####......... ∆
....##P.......######
#.............#....###
......†...<...†.>○...##.
...<..........#.@l......
P........##P.P####..$...
.......P####### #....
.......## #.. ........#
. #........# P..........
........^..


You could see a komodo dragon.

Vanquished Creatures
  Pikel (D:6)
  A black mamba (Lair:1)
  A cane toad (Lair:1)
  Maggie (D:6)
  2 komodo dragons
  A troll (D:9)
  A slime creature (D:6)
  10 yaks
  2 wyverns
  A basilisk (Lair:2)
  Edmund (D:5)
  7 water moccasins
  An orc warrior (D:9)
  2 black bears
  3 ice beasts
  A sky beast (D:8)
  A centaur (D:8)
  A phantom (D:6)
  2 kobold brigands
  A gnoll sergeant (D:7)
  6 bullfrogs
  A scorpion (D:5)
  2 water moccasin zombies (Ossuary)
  4 wights (D:9)
  12 killer bees (D:9)
  2 howler monkeys (D:9)
  A lava snake (D:7)
  A hound (D:6)
  6 jellies
  4 orc wizards
  Ijyb (D:5)
  A hell rat (D:8)
  6 iguanas
  2 mummies (Ossuary)
  6 adders
  12 gnolls
  4 river rats (D:8)
  4 shadow imps
  2 white imps
  3 adder zombies (Ossuary)
  2 worms (D:3)
  5 dart slugs
  10 orcs
  9 ball pythons
  5 bats
  24 endoplasms
  2 giant cockroaches (D:1)
  5 gnoll zombies (Ossuary)
  6 goblins
  7 hobgoblins
  9 quokkas
  5 frilled lizards
  5 hobgoblin zombies (Ossuary)
  13 kobolds
  4 kobold zombies (Ossuary)
  7 orc zombies (Ossuary)
  21 rats
260 creatures vanquished.

Vanquished Creatures (others)
  An endoplasm (D:1)
  A bat (D:1)
  2 kobolds (D:1)
  4 fungi
  A plant (Lair:1)
9 creatures vanquished.

Grand Total: 269 creatures vanquished

Notes
Turn   | Place    | Note
-------+----------+-------------------------------------------
     0 | D:1      | Renzlar the Gnoll Fighter began the quest for the Orb.
     0 | D:1      | Reached XP level 1. HP: 23/23 MP: 1/1
    68 | D:1      | Reached XP level 2. HP: 29/29 MP: 2/2
   307 | D:1      | Reached XP level 3. HP: 35/35 MP: 3/3
   637 | D:1      | Reached skill level 1 in Invocations
  1243 | D:2      | Reached skill level 1 in Short Blades
  1243 | D:2      | Reached skill level 1 in Long Blades
  1243 | D:2      | Reached skill level 1 in Maces & Flails
  1243 | D:2      | Reached skill level 1 in Polearms
  1243 | D:2      | Reached skill level 1 in Staves
  1243 | D:2      | Reached skill level 1 in Ranged Weapons
  1243 | D:2      | Reached skill level 1 in Throwing
  1243 | D:2      | Reached skill level 1 in Dodging
  1243 | D:2      | Reached skill level 1 in Stealth
  1243 | D:2      | Reached skill level 1 in Unarmed Combat
  1243 | D:2      | Reached skill level 1 in Spellcasting
  1243 | D:2      | Reached skill level 1 in Evocations
  1249 | D:2      | Reached XP level 4. HP: 28/41 MP: 5/5
  1260 | D:2      | Reached skill level 1 in Conjurations
  1260 | D:2      | Reached skill level 1 in Hexes
  1260 | D:2      | Reached skill level 1 in Summonings
  1260 | D:2      | Reached skill level 1 in Necromancy
  1260 | D:2      | Reached skill level 1 in Translocations
  1260 | D:2      | Reached skill level 1 in Transmutations
  1260 | D:2      | Reached skill level 1 in Fire Magic
  1260 | D:2      | Reached skill level 1 in Ice Magic
  1260 | D:2      | Reached skill level 1 in Air Magic
  1260 | D:2      | Reached skill level 1 in Earth Magic
  1260 | D:2      | Reached skill level 1 in Poison Magic
  2315 | D:2      | Reached XP level 5. HP: 47/47 MP: 5/7
  2582 | D:3      | Found a faded altar of an unknown god.
  2885 | D:3      | Found a glowing silver altar of Zin.
  3436 | D:4      | Noticed a black bear
  3445 | D:4      | Killed a black bear
  3446 | D:4      | Reached skill level 5 in Axes
  3446 | D:4      | Reached XP level 6. HP: 43/53 MP: 8/8
  3575 | D:4      | Found a sand-covered staircase.
  3586 | Ossuary  | Entered an ossuary
  3760 | Ossuary  | Reached XP level 7. HP: 39/60 MP: 10/10
  3880 | D:4      | Found Fibuss's Distillery.
  3889 | D:4      | Bought a potion of might for 56 gold pieces
  3889 | D:4      | Bought a potion of might for 56 gold pieces
  4219 | D:4      | Found a basalt altar of Yredelemnul.
  4484 | D:5      | Entered Level 5 of the Dungeon
  4619 | D:5      | Noticed Ijyb
  4631 | D:5      | Killed Ijyb
  4649 | D:5      | Found a staircase to the Ecumenical Temple.
  4659 | Temple   | Entered the Ecumenical Temple
  5011 | Temple   | Became a worshipper of Qazlal Stormbringer
  5215 | D:5      | Noticed Edmund
  5235 | D:5      | Killed Edmund
  5236 | D:5      | Reached XP level 8. HP: 56/67 MP: 12/12
  5370 | D:5      | Found a bloodstained altar of Trog.
  5792 | D:6      | Noticed Maggie
  5803 | D:6      | Killed Maggie
  6077 | D:6      | Found Zyzeom's Distillery.
  6148 | D:6      | Noticed a slime creature
  6171 | D:6      | Killed a slime creature
  6175 | D:6      | Reached XP level 9. HP: 24/73 MP: 14/14
  6225 | D:6      | Reached * piety under Qazlal
  6771 | D:7      | Found a hide-covered altar of Uskayaw.
  7356 | D:7      | Found a glowing golden altar of the Shining One.
  7356 | D:7      | Noticed Menkaure
  7537 | D:7      | Noticed Pikel
  7551 | D:6      | Killed Pikel
  7552 | D:6      | Reached skill level 5 in Invocations
  7788 | D:7      | Noticed a komodo dragon
  7802 | D:7      | Killed a komodo dragon
  8122 | D:8      | Reached ** piety under Qazlal
  8212 | D:8      | Reached skill level 5 in Short Blades
  8212 | D:8      | Reached skill level 5 in Long Blades
  8212 | D:8      | Reached skill level 5 in Maces & Flails
  8212 | D:8      | Reached skill level 5 in Polearms
  8212 | D:8      | Reached skill level 5 in Staves
  8212 | D:8      | Reached skill level 5 in Ranged Weapons
  8212 | D:8      | Reached skill level 5 in Throwing
  8212 | D:8      | Reached skill level 5 in Dodging
  8212 | D:8      | Reached skill level 5 in Stealth
  8212 | D:8      | Reached skill level 5 in Unarmed Combat
  8212 | D:8      | Reached skill level 5 in Spellcasting
  8212 | D:8      | Reached skill level 5 in Evocations
  8212 | D:8      | Reached XP level 10. HP: 81/81 MP: 17/17
  8215 | D:8      | Learned a level 2 spell: Static Discharge
  8267 | D:8      | Found a staircase to the Lair.
  9141 | D:9      | Noticed a fire dragon
  9141 | D:9      | Found the +2 shield of Resistance {rF++ rC++ Will++}
  9141 | D:9      | Noticed a fire dragon
  9141 | D:9      | Noticed an ice dragon
  9142 | D:9      | Found a runed translucent door.
  9142 | D:9      | Found a runed translucent door.
  9142 | D:9      | Noticed an ice dragon
  9329 | D:9      | Reached *** piety under Qazlal
 10225 | D:9      | Found Yrehab's Assorted Antiques.
 10230 | D:9      | Bought a bronze ring for 115 gold pieces
 10256 | D:9      | Found a blossoming altar of Fedhas.
 10388 | D:9      | Found a sacrificial altar of Ru.
 10594 | Lair:1   | Entered Level 1 of the Lair of Beasts
 10929 | Lair:1   | Noticed a black mamba
 10935 | Lair:1   | Killed a black mamba
 10936 | Lair:1   | Reached skill level 5 in Conjurations
 10936 | Lair:1   | Reached skill level 5 in Hexes
 10936 | Lair:1   | Reached skill level 5 in Summonings
 10936 | Lair:1   | Reached skill level 5 in Necromancy
 10936 | Lair:1   | Reached skill level 5 in Translocations
 10936 | Lair:1   | Reached skill level 5 in Transmutations
 10936 | Lair:1   | Reached skill level 5 in Fire Magic
 10936 | Lair:1   | Reached skill level 5 in Ice Magic
 10936 | Lair:1   | Reached skill level 5 in Air Magic
 10936 | Lair:1   | Reached skill level 5 in Earth Magic
 10936 | Lair:1   | Reached skill level 5 in Poison Magic
 10936 | Lair:1   | Reached XP level 11. HP: 86/89 MP: 18/20
 11926 | Lair:2   | Mangled by a komodo dragon

Illustrated notes

Levels and vault maps discovered:
D:1:      elethiomel_arrival_infinity_welcomes_careful_drivers, layout_basic,
          lemuel_flame_loot_1
D:2:      layout_basic
D:3:      layout_loops_ring, mainiacjoe_overflow_alcove_2,
          nicolae_ecumenical_snake_handling, serial_co_window_serial,
          co_window_of_opportunity_a, co_window_paths_a,
          co_window_of_opportunity_a, co_window_corner_a,
          co_window_of_opportunity_a, co_window_unsneaky_path_d,
          co_window_of_opportunity_b, co_window_unsneaky_path_a, co_window_sun,
          co_window_4corner_b, glass_columns_b, minivault_25
D:4:      layout_basic, mainiacjoe_overflow_alcove_1, serial_shops,
          nicolae_lakefront_shop, chequers_ossuary_entry_cave
D:5:      layout_cave_pools, mainiacjoe_overflow_tiny_flanked,
          minmay_temple_entry_statues_pillars, minmay_misc_feat_alley,
          uniq_edmund, uniq_ijyb
D:6:      lemuel_slime, layout_basic, serial_shops,
          nicolae_shop_advertising_works [nicolae_subvault_shop_adworks],
          uniq_maggie
D:7:      layout_gridville, tso_metal_star, nicolae_uskayaw_suspiria,
          uniq_pikel, uniq_menkaure
D:8:      lemuel_ratsnest, layout_basic, lair_entry_dummy, serial_curves,
          eino_curves_01, eino_curves_03
D:9:      layout_layer_cave, mainiacjoe_overflow_six_doors_small,
          fedhas_altar_fruit_tree, serial_shops, shop_fountains,
          minmay_door_square, minmay_guarded_unrand_resistance
Temple:   compressed_dpeg_triangle_lava_temple
Lair:1:   layout_loops_ring, gauntlet_entry_generic
Lair:2:   minmay_lair_venomous_thicket, layout_chaotic_city,
          minmay_shoals_entry_hut, serial_bayou_shore_a, grunt_megastairs_4

Skill      XL: |  1  2  3  4  5  6  7  8  9 10 11 |
---------------+----------------------------------+-----
Invocations    | 1 2 3 4 5 6 7 |  7.0
Short Blades   | 1 2 3 5 6 |  6.3
Long Blades    | 1 2 3 5 6 |  6.3
Maces & Flails | 1 2 3 5 6 |  6.3
Polearms       | 1 2 3 5 6 |  6.3
Staves         | 1 2 3 5 6 |  6.3
Ranged Weapons | 1 2 3 5 6 |  6.3
Throwing       | 1 2 3 5 6 |  6.3
Dodging        | 1 2 3 5 6 |  6.3
Stealth        | 1 2 3 5 6 |  6.3
Unarmed Combat | 1 2 3 5 6 |  6.3
Spellcasting   | 1 2 3 5 6 |  6.3
Evocations     | 1 2 3 5 6 |  6.3
Conjurations   | 1 2 3 4 5 |  5.3
Hexes          | 1 2 3 4 5 |  5.3
Summonings     | 1 2 3 4 5 |  5.3
Necromancy     | 1 2 3 4 5 |  5.3
Translocations | 1 2 3 4 5 |  5.3
Transmutations | 1 2 3 4 5 |  5.3
Fire Magic     | 1 2 3 4 5 |  5.3
Ice Magic      | 1 2 3 4 5 |  5.3
Air Magic      | 1 2 3 4 5 |  5.3
Earth Magic    | 1 2 3 4 5 |  5.3
Poison Magic   | 1 2 3 4 5 |  5.3
Axes           | 5 6 7 |  7.9
Fighting       | 7 8 9 |  9.2
Armour         | 7 8 9 |  9.2
Shields        | 7 8 9 |  9.2

Action                   |  1- 3 |  4- 6 |  7- 9 | 10-12 || total
-------------------------+-------+-------+-------+-------++-------
Melee: War axe           |    73 |   175 |   226 |   240 ||   714
       Bite              |     5 |    20 |    27 |    34 ||    86
       Morningstar       |       |       |     6 |       ||     6
       Trident           |       |       |       |    41 ||    41
 Fire: Sling             |       |       |       |    12 ||    12
Throw: Boomerang         |       |     7 |    32 |     3 ||    42
       Dart              |       |       |     2 |       ||     2
 Cast: Static Discharge  |       |       |       |     1 ||     1
  Use: Scroll            |     1 |    11 |    10 |     3 ||    25
       Potion            |       |       |     2 |     2 ||     4
 Stab: Sleeping          |       |       |     2 |       ||     2
Armor: Scale mail        |    21 |    52 |    25 |       ||    98
       Ring mail         |       |       |    43 |    98 ||   141
Dodge: Dodged            |    31 |    72 |    93 |   127 ||   323
Block: Buckler           |    14 |    44 |    61 |   143 ||   262
